 Dungeon Crawl Stone Soup version 0.31-a0-523-g071a6c1ffa (webtiles) character file.

Game seed: 3257256230478780297

2720 AdnanSaban the Basher (level 9, -2/56 HPs)
             Began as a Gargoyle Fighter on Aug 11, 2023.
             Was a Believer of Okawaru.
             Slain by a vampire mosquito (5 damage)
             ... on level 7 of the Dungeon.
             The game lasted 00:06:45 (6486 turns).

AdnanSaban the Basher (Gargoyle Fighter)            Turns: 6486, Time: 00:06:46

Health: -2/56      AC: 22    Str: 24    XL:     9   Next: 66%
Magic:  9/9        EV:  7    Int:  9    God:    Okawaru [**....]
Gold:   398        SH:  5    Dex:  9    Spells: 8/8 levels left

rFire   . . .        a - +0 flail
rCold   . . .        c - +0 buckler
rNeg    + . .        p - +0 plate armour
rPois   ∞            k - +0 helmet
rElec   +            u - +0 cloak
rCorr   .            (no gloves)
SInv    .            (no boots)
Will    .....        (no amulet) Stlth
                     h - ring of flight
HPRegen 0.29/turn    (no ring)
MPRegen 0.11/turn

%: no passive effects
@: flying
A: sickness immunity, AC +6, negative energy resistance 1, electricity
resistance, torment resistance 1, petrification resistance
a: Renounce Religion, Heroism


You were on level 7 of the Dungeon.
You worshipped Okawaru.
Okawaru was pleased with you.
You visited 2 branches of the dungeon, and saw 8 of its levels.

You collected 398 gold pieces.

Inventory:

Hand Weapons
 a - a +0 flail (weapon)
Missiles
 e - 7 poisoned darts
Armour
 c - a +0 buckler (worn)
 k - a +0 helmet (worn)
 p - a +0 plate armour (worn)
 u - a +0 cloak (worn)
Jewellery
 h - a ring of flight (left hand)
 n - an amulet of guardian spirit
Wands
 r - a wand of flame (56)
Scrolls
 f - 4 scrolls of identify {unknown}
 g - 4 scrolls of teleportation {unknown}
 j - 2 scrolls of fog {unknown}
 l - 2 scrolls of revelation {unknown}
 o - a scroll of immolation {unknown}
 q - 3 scrolls of enchant armour {unknown}
 s - a scroll of poison {unknown}
 v - a scroll of blinking {unknown}
Potions
 b - a potion of brilliance {unknown}
 d - 3 potions of might
 i - 4 potions of curing {unknown}
 m - 3 potions of lignification {unknown}
 t - a potion of berserk rage {unknown}


   Skills:
 + Level 6.4 Fighting
 + Level 9.3 Maces & Flails
 + Level 7.3 Armour
 + Level 1.8 Dodging
 + Level 1.0 Stealth
 + Level 5.5 Shields


You had 8 spell levels left.
You didn't know any spells.
Your spell library contained the following spells:

 Spells                   Type           Power      Damage    Failure   Level
 Sting                    Tmut/Pois      0%         1d3       100%        1
 Poisonous Vapours        Pois/Air       0%         N/A       100%        2
 Portal Projectile        Hex/Tloc       0%         N/A       100%        3
 Iskenderun's Mystic Bla  Conj/Tloc      0%         2d3       100%        4
 Olgreb's Toxic Radiance  Pois           0%         N/A       100%        4
 Tukima's Dance           Hex            Unusable   N/A       N/A         3

Dungeon Overview and Level Annotations

Branches:
Dungeon (7/15)             Temple (1/1) D:6

Altars:
Ashenzari
Cheibriados
Dithmenos
Elyvilon
Fedhas
Gozag
Hepliaklqana
Kikubaaqudgha
Makhleb
Nemelex Xobeh
Okawaru
Qazlal
Sif Muna
Trog
Uskayaw
Vehumet
Xom
Yredelemnul
Zin
The Shining One

Shops:
D:3 :   D:4 !:(*!(   D:5 :


Innate Abilities, Weirdness & Mutations

You are immune to sickness and miasma.
Your stone body is resilient. (AC +6)
You are immune to poison.
You resist negative energy. (rN+)
You are resistant to electric shocks. (rElec)
You are resistant to unholy torment.
You are immune to petrification.


Message History

* * * LOW HITPOINT WARNING * * *
The vampire mosquito bites you but does no damage.
You closely miss the electric eel.
The electric eel is severely wounded.
The vampire mosquito bites you but does no damage.
You barely miss the electric eel.
The electric eel is severely wounded.
The vampire mosquito bites you.
* * * LOW HITPOINT WARNING * * *
You block the vampire mosquito's attack.
The electric eel shoots out a bolt of lightning at you!
The bolt of electricity hits you but does no damage.
You resist. The bolt of electricity hits you. You resist.
* * * LOW HITPOINT WARNING * * *
The vampire mosquito bites you.
* * * LOW HITPOINT WARNING * * *
You barely miss the electric eel.
The electric eel is severely wounded.
You block the vampire mosquito's attack.
The electric eel shoots out a bolt of lightning at you!
The bolt of electricity hits you but does no damage. x2
You resist.
You sock the electric eel!
You kill the electric eel!
Okawaru accepts your kill.
You hear a splash.
The vampire mosquito bites you.
* * * LOW HITPOINT WARNING * * *
The vampire mosquito bites you but does no damage.
The vampire mosquito bites you but does no damage.
You block the vampire mosquito's attack.
You sock the vampire mosquito!
The vampire mosquito is heavily damaged.
The vampire mosquito bites you.
* * * LOW HITPOINT WARNING * * *
The vampire mosquito bites you but does no damage.
You closely miss the vampire mosquito.
The vampire mosquito is heavily damaged.
The vampire mosquito bites you.
You die...

≈≈≈≈≈≈≈## #.......#.
≈≈≈≈≈≈≈≈≈≈≈###...###.'.
≈≈≈≈≈≈≈≈≈≈≈##.### ###.
≈≈≈≈≈≈≈≈≈≈≈##.# ##
..#≈≈≈≈≈≈≈##.# # ≈≈
#........'..# #
≈≈$##........'.## #
≈≈#..#≈≈≈≈≈≈≈### #
≈≈≈≈≈≈≈@≈≈≈≈≈# #
≈≈≈≈≈≈≈y≈≈≈≈≈# #
≈≈≈≈≈≈≈≈≈≈≈≈## #
≈≈≈≈≈≈≈≈≈≈≈##
≈≈≈≈≈≈≈≈≈≈##
≈≈≈≈≈≈≈≈≈## ≈≈≈≈≈≈≈≈##
#########


You could see a vampire mosquito.

Vanquished Creatures
  A gargoyle (D:7)
  Grinder (D:6)
  Sigmund (D:3)
  2 water moccasins
  2 black bears
  2 orc warriors
  An ice beast (D:6)
  A sky beast (D:6)
  A centaur (D:5)
  A phantom (D:5)
  A kobold brigand (D:6)
  2 bullfrogs
  A scorpion (D:6)
  An electric eel (D:7)
  2 howler monkeys (D:7)
  A gnoll bouda (D:6)
  3 hounds
  3 jellies
  4 orc priests
  Jessica (D:2)
  Ijyb (D:4)
  2 iguanas
  Natasha (thrice) (D:4)
  An orc wizard (D:7)
  7 gnolls
  8 adders
  A river rat (D:4)
  A white imp (D:5)
  An ufetubus (D:7)
  A worm (D:2)
  10 orcs
  5 ball pythons
  7 endoplasms
  3 giant cockroaches
  7 goblins
  6 hobgoblins
  2 quokkas
  7 bats
  4 frilled lizards
  12 kobolds
  12 rats
133 creatures vanquished.

Notes
Turn   | Place    | Note
-------+----------+-------------------------------------------
     0 | D:1      | AdnanSaban the Gargoyle Fighter began the quest for the
                  | Orb.
     0 | D:1      | Reached XP level 1. HP: 14/14 MP: 1/1
   117 | D:1      | Reached XP level 2. HP: 19/19 MP: 2/2
   454 | D:1      | Reached XP level 3. HP: 21/23 MP: 3/3
  1083 | D:2      | Noticed Jessica
  1097 | D:2      | Killed Jessica
  1098 | D:2      | Reached skill level 3 in Maces & Flails
  1098 | D:2      | Reached XP level 4. HP: 23/28 MP: 4/4
  1136 | D:2      | Reached skill level 1 in Dodging
  1372 | D:2      | Found a radiant altar of Vehumet.
  2068 | D:3      | Reached XP level 5. HP: 18/32 MP: 5/5
  2165 | D:3      | Noticed Sigmund
  2273 | D:3      | Killed Sigmund
  2274 | D:3      | Reached skill level 4 in Maces & Flails
  2274 | D:3      | Reached XP level 6. HP: 35/38 MP: 6/6
  2402 | D:3      | Found Retry's Book Shoppe.
  2437 | D:3      | Found a bloodstained altar of Trog.
  2593 | D:4      | Noticed Natasha
  2594 | D:4      | Found Deahijicac's Antique Weapon Boutique.
  2606 | D:4      | Killed Natasha
  2806 | D:4      | Found Yblomm's Book Boutique.
  2811 | D:4      | Found Zulih's Assorted Antiques.
  2811 | D:4      | Found Ridifuts's Distillery.
  2836 | D:4      | Found Qiyxkau's Antique Weapon Shop.
  2912 | D:4      | Noticed Natasha
  2919 | D:4      | Killed Natasha
  3076 | D:4      | Noticed Ijyb
  3092 | D:4      | Killed Ijyb
  3174 | D:4      | Reached skill level 5 in Maces & Flails
  3182 | D:4      | Reached XP level 7. HP: 33/43 MP: 7/7
  3478 | D:4      | Found Jufuv's Distillery.
  3521 | D:4      | Noticed Natasha
  3531 | D:4      | Killed Natasha
  3660 | D:5      | Entered Level 5 of the Dungeon
  3788 | D:5      | Found Yxuosaap's Book Shop.
  3922 | D:5      | Reached skill level 6 in Maces & Flails
  4208 | D:5      | Found a blossoming altar of Fedhas.
  4566 | D:6      | Found a staircase to the Ecumenical Temple.
  4575 | Temple   | Entered the Ecumenical Temple
  4581 | Temple   | Became a worshipper of Warmaster Okawaru
  4640 | D:6      | Reached skill level 5 in Armour
  4691 | D:6      | Reached XP level 8. HP: 40/48 MP: 8/8
  4757 | D:6      | Reached skill level 7 in Maces & Flails
  4788 | D:6      | Noticed Grinder
  4805 | D:6      | Killed Grinder
  4805 | D:6      | Reached * piety under Okawaru
  4806 | D:6      | Reached skill level 1 in Stealth
  4856 | D:6      | Found a broken altar of Ashenzari.
  4897 | D:6      | Reached skill level 5 in Fighting
  5184 | D:6      | Found a glowing golden altar of the Shining One.
  5185 | D:6      | Found an opulent altar of Gozag.
  5465 | D:7      | Reached skill level 8 in Maces & Flails
  5620 | D:7      | Reached ** piety under Okawaru
  5621 | D:7      | Reached XP level 9. HP: 46/54 MP: 9/9
  5637 | D:7      | Reached skill level 5 in Shields
  6292 | D:6      | Reached skill level 9 in Maces & Flails
  6464 | D:7      | Noticed a gargoyle
  6472 | D:7      | Killed a gargoyle
  6485 | D:7      | HP: 2/56 [vampire mosquito (3)]
  6486 | D:7      | Slain by a vampire mosquito

Illustrated notes

Levels and vault maps discovered:
D:1:      lightli_arrival_lavapool, layout_basic
D:2:      layout_loops_cross, basic_altar, uniq_jessica
D:3:      layout_loops_ring, mainiacjoe_overflow_alcove_1, serial_shops,
          nicolae_shop_window_shopping, uniq_sigmund
D:4:      layout_gridville, portal_sewer_entry_e, serial_shops,
          nicolae_shop_peninsula, shop, minmay_shop_grid_forest, uniq_natasha,
          uniq_ijyb
D:5:      layout_loops_ring, mainiacjoe_overflow_concentric_impassable,
          serial_shops, shop
D:6:      layout_cave_pools, nicolae_overflow_hidden_temple,
          minmay_temple_entry_tees, uniq_grinder
D:7:      kennysheep_big_flooded_room, layout_basic, roderic_cross_of_infinity,
          minmay_checkerbox
Temple:   hellmonk_temple_of_storms

Skill      XL: |  1  2  3  4  5  6  7  8  9 |
---------------+----------------------------+-----
Maces & Flails | 3 4 5 6 8 9 |  9.3
Dodging        | 1 |  1.8
Armour         | 4 5 6 7 |  7.3
Shields        | 4 5 |  5.5
Fighting       | 4 5 6 |  6.4
Stealth        | 1 |  1.0

Action                     |  1- 3 |  4- 6 |  7- 9 || total
---------------------------+-------+-------+-------++-------
  Melee: Flail             |   124 |   204 |   415 ||   743
 Armour: Scale mail        |    71 |    52 |       ||   123
         Plate armour      |       |    97 |   354 ||   451
         Chain mail        |       |    11 |       ||    11
  Dodge: Dodged            |    70 |    85 |   127 ||   282
  Block: Buckler           |    35 |    55 |    90 ||   180

Table legend: (Time is in decaauts)
 A = Elapsed time spent in this place.
 B = Non-inter-level travel time spent in this place.
 C = Inter-level travel time spent in this place.
 D = Time resting spent in this place.
 E = Time spent auto-exploring this place.
 F = Levels seen in this place.
 G = Mean time per level.
                   A        B        C        D        E       F      G
               +--------+--------+--------+--------+--------+-----+--------+
         Total |   6609 |   6293 |    316 |    459 |   4293 |   8 |  826.1 |
       Dungeon |   6593 |   6277 |    316 |    459 |   4293 |   7 |  941.9 |
        Temple |     15 |     15 |      0 |      0 |      0 |   1 |   15.0 |
               +--------+--------+--------+--------+--------+-----+--------+

Top non-repeatable levels by time:
     D:6: 1149 daAuts
     D:4: 1065 daAuts
     D:1: 947 daAuts
     D:2: 913 daAuts
     D:3: 902 daAuts
     D:5: 846 daAuts
     D:7: 769 daAuts
  Temple: 15 daAuts
